 Dungeon Crawl Stone Soup version 0.30-a0-802-gb92711bcdf (console) character file.

Game seed: 14289287464386247053

106 petzl the Sneak (level 5, -1/41 HPs)
             Began as a Formicid Delver on Feb 24, 2023.
             Was a Follower of Vehumet.
             Succumbed to a gnoll's poison
             ... on level 6 of the Dungeon.
             The game lasted 00:09:34 (2396 turns).

petzl the Sneak (Formicid Delver)                   Turns: 2396, Time: 00:09:34

Health: -1/41      AC:  5    Str: 17    XL:     5   Next: 10%
Magic:  8/8        EV: 12    Int: 11    God:    Vehumet [*.....]
Gold:   156        SH:  0    Dex: 15    Spells: 6/9 levels left

rFire   . . .      SeeInvis +    a - +0 quarterstaff
rCold   . . .      Faith    .    (no shield)
rNeg    . . .      Spirit   .    b - +0 leather armour
rPois   .          Reflect  .    (helmet unavailable)
rElec   .          Harm     .    g - +0 cloak
rCorr   .          Rampage  .    z - +0 pair of gloves
Will    .....                    (no boots)
Stlth   +++                      (no amulet)
HPRegen 0.26/turn                (no ring)
MPRegen 0.11/turn                (no ring)

@: lethally poisoned (-1 -> -26)
A: permanent stasis, dig shafts and tunnels, antennae 3, four strong arms
a: Dig, Shaft Self, Renounce Religion


You were on level 6 of the Dungeon.
You worshipped Vehumet.
Vehumet was aware of your devotion.
You visited 2 branches of the dungeon, and saw 8 of its levels.

You collected 156 gold pieces.

Inventory:

Hand Weapons
 a - a +0 quarterstaff (weapon)
 j - a +0 mace
Missiles
 h - 26 stones (quivered)
 y - 6 poisoned darts
Armour
 b - a +0 leather armour (worn)
 g - a +0 cloak (worn)
 z - a +0 pair of gloves (worn)
Magical Staves
 A - a staff of air
Jewellery
 w - a ring of fire
 B - a ring of protection from fire
Wands
 f - a wand of digging (3)
Scrolls
 c - 4 scrolls of fog
 d - 3 scrolls of magic mapping
 e - 3 scrolls of fear
 l - a scroll of enchant armour {unknown}
 n - 3 scrolls of identify {unknown}
 o - a scroll of vulnerability {unknown}
 p - a scroll of blinking {unknown}
 q - 2 scrolls of teleportation {unknown}
 v - a scroll of noise {unknown}
 C - a scroll of torment {unknown}
 D - a scroll of amnesia {unknown}
Potions
 i - a potion of curing {unknown}
 k - a potion of brilliance {unknown}
 m - 3 potions of attraction {unknown}
 r - a potion of magic {unknown}
 s - 2 potions of degeneration {unknown}
 t - 2 potions of mutation {unknown}
 u - a potion of heal wounds {unknown}
 x - a potion of flight {unknown}
 E - a potion of might {unknown}


   Skills:
 + Level 3.5 Fighting
 - Level 2.0 Maces & Flails
 + Level 0.4(1.3) Staves
 - Level 1.7 Dodging
 + Level 6.5 Stealth
 + Level 2.5 Spellcasting
 * Level 1.6 Conjurations
 + Level 0.6 Evocations


You had 6 spell levels left.
You knew the following spells:

 Your Spells              Type           Power      Damage    Failure   Level
a - Magic Dart            Conj           20%        1d4       17%         1
b - Static Discharge      Conj/Air       6%         2-3/arc   36%         2

Your spell library contained the following spells:

 Spells                   Type           Power      Damage    Failure   Level
 Apportation              Tloc           2%         N/A       34%         1
 Vhi's Electric Charge    Tloc/Air       2%         N/A       71%         3
 Alistair's Intoxication  Tmut/Pois      0%         N/A       100%        5
 Arcjolt                  Conj/Air       1%         1d11      100%        5
 Lightning Bolt           Conj/Air       1%         1d12      100%        5


Dungeon Overview and Level Annotations

Branches:
Dungeon (7/15)             Temple (1/1) D:4

Altars:
Dithmenos
Gozag
Hepliaklqana
Kikubaaqudgha
Nemelex Xobeh
Okawaru
Sif Muna
Trog
Vehumet
Wu Jian
Xom
Yredelemnul
The Shining One

Annotations:
D:5 exclusion: hound
D:6 exclusions: downstairs and water moccasin


Innate Abilities, Weirdness & Mutations

You cannot be hasted, slowed, berserked, paralysed or teleported.
You can dig through walls and to a lower floor.
You have a pair of large antennae on your head. (SInv)
Your four strong arms can wield two-handed weapons with a shield.


Message History

You climb downwards.
The gnoll hits you from afar with a +3 spear of venom!
You are poisoned.
There is a stone staircase leading up here.
You feel very sick. The gnoll closely misses you.
You climb upwards.
You feel very sick.
There is a stone staircase leading down here.
You start resting.
You feel sick. x7
You are no longer poisoned.
You start resting.
HP restored.
You climb downwards.
There is a stone staircase leading up here.
The gnoll barely misses you.
The gnoll hits you with a +3 spear of venom!
You barely miss the gnoll. The gnoll barely misses you.
You barely miss the gnoll.
The gnoll hits you with a +3 spear of venom.
The gnoll hits you with a +3 spear of venom!
You hit the gnoll.
The gnoll is lightly wounded.
The gnoll hits you with a +3 spear of venom!
You are poisoned.
Are you sure you want to shaft yourself?
You feel very sick.
The gnoll hits you with a +3 spear of venom.
You are lethally poisoned!
You begin to dig a shaft.
You continue digging a shaft.
* * * LOW HITPOINT WARNING * * *
You feel very sick.
The gnoll hits you with a +3 spear of venom.
* * * LOW HITPOINT WARNING * * *
You are more poisoned.
A shaft appears beneath you!
You fall into a shaft and drop 3 floors!
The shaft crumbles and collapses.
Level annotation: exclusions: downstairs and water moccasin You die...

## #.
#.. ..
.# ##.#
###..#
#..@#
#.### #
. ##.
#.. #..
#.. #..
####..
#.....
#...###.
S.. #.


There were no monsters in sight!

Vanquished Creatures
  3 gnolls
  2 adders
  6 dart slugs
  An orc (D:4)
  8 endoplasms
  4 hobgoblins
  3 jackals (D:3)
  A quokka (D:4)
  4 ball pythons
  4 bats
  A frilled lizard (D:2)
  4 goblins
  4 kobolds
  2 rats
47 creatures vanquished.

Notes
Turn   | Place    | Note
-------+----------+-------------------------------------------
     0 | D:5      | petzl the Formicid Delver began the quest for the Orb.
     0 | D:5      | Reached XP level 1. HP: 18/18 MP: 1/1
    19 | D:5      | Noticed a hound
   103 | D:7      | Noticed a centaur
   111 | D:6      | Noticed a water moccasin
   164 | D:4      | Reached skill level 1 in Spellcasting
   244 | D:3      | Reached XP level 2. HP: 24/24 MP: 2/4
   253 | D:4      | Learned a level 2 spell: Static Discharge
   322 | D:4      | Found a staircase to the Ecumenical Temple.
   333 | Temple   | Entered the Ecumenical Temple
   367 | Temple   | Became a worshipper of Vehumet
   814 | D:2      | Reached XP level 3. HP: 29/29 MP: 5/5
  1407 | D:1      | Reached skill level 1 in Conjurations
  1854 | D:2      | Reached * piety under Vehumet
  1854 | D:2      | Offered knowledge of Magic Dart by Vehumet.
  1857 | D:2      | Learned a level 1 spell: Magic Dart
  1929 | D:2      | Reached XP level 4. HP: 32/35 MP: 7/7
  2088 | D:3      | Found a shimmering blue altar of Sif Muna.
  2286 | D:2      | Reached XP level 5. HP: 36/41 MP: 8/8
  2396 | D:3      | You fall into a shaft and drop 3 floors!
  2396 | D:6      | Succumbed to a gnoll's poison

Illustrated notes

Levels and vault maps discovered:
D:1:      roderic_dead_forest, layout_basic, st_stairs_9, columned_hall_lemuel,
          chequers_serial_rivers_room_a
D:2:      layout_basic
D:3:      layout_basic, grunt_qazlal_sundering, overflow_temple_1_default,
          uniq_natasha
D:4:      layout_loops_cross, grunt_temple_overflow_order_and_chaos_2,
          temple_statues, chequers_serial_rivers_room_b, minmay_manual_mail
D:5:      dreamdust_elfheim, layout_basic, uniq_sigmund, uniq_edmund
D:6:      layout_rooms, uniq_grinder
D:7:      layout_gridville, nicolae_overflow_hidden_temple, lemuel_tele_altar,
          serial_park_tiny_pond, ebering_dispersal_statue_hall,
          kennysheep_diamond, chequers_garden, kennysheep_windowed_goal,
          uniq_pikel, uniq_joseph
Temple:   hellmonk_temple_of_storms

Skill      XL: |  1  2  3 |
---------------+----------+-----
Spellcasting   | 1 2 |  2.5
Conjurations   | 1 |  1.6
Fighting       | |  3.5
Maces & Flails | |  2.0
Staves         | |  0.4
Dodging        | |  1.7
Stealth        | |  6.5
Evocations     | |  0.6

Action                     |  1- 3 |  4- 6 || total
---------------------------+-------+-------++-------
  Melee: Mace              |    20 |       ||    20
         Quarterstaff      |    68 |    32 ||   100
  Throw: Stone             |     3 |       ||     3
Ability: Shaft Self        |       |     1 ||     1
   Stab: Sleeping          |    13 |     2 ||    15
 Armour: Leather armour    |    27 |    10 ||    37
  Dodge: Dodged            |    45 |    33 ||    78

Table legend: (Time is in decaauts)
 A = Elapsed time spent in this place.
 B = Non-inter-level travel time spent in this place.
 C = Inter-level travel time spent in this place.
 D = Time resting spent in this place.
 E = Time spent auto-exploring this place.
 F = Levels seen in this place.
 G = Mean time per level.
                   A        B        C        D        E       F      G
               +--------+--------+--------+--------+--------+-----+--------+
         Total |   2430 |   2221 |    209 |    227 |   1075 |   8 |  303.8 |
       Dungeon |   2374 |   2186 |    188 |    227 |   1053 |   7 |  339.1 |
        Temple |     55 |     34 |     21 |      0 |     22 |   1 |   55.0 |
               +--------+--------+--------+--------+--------+-----+--------+

Top non-repeatable levels by time:
     D:1: 891 daAuts
     D:2: 706 daAuts
     D:3: 282 daAuts
     D:4: 274 daAuts
     D:5: 169 daAuts
  Temple: 55 daAuts
     D:6: 48 daAuts
     D:7: 1 daAuts
